 Dungeon Crawl Stone Soup version 0.27-a0-1565-gad902ab807 (webtiles) character file.

Game seed: 15686996195530815386

115 bilbop the Cutter (level 5, 0/33 HPs)
             Began as a Kobold Berserker on July 16, 2021.
             Was a Believer of Trog.
             Slain by a goblin (1 damage)
             ... on level 3 of the Dungeon.
             The game lasted 00:11:02 (2677 turns).

bilbop the Cutter (Kobold Berserker)                Turns: 2677, Time: 00:11:03

Health: 0/33       AC:  2    Str: 15    XL:     5   Next: 20%
Magic:  6/6        EV: 15    Int:  9    God:    Trog [**....]
Gold:   66         SH:  0    Dex: 14    Spells: 4/4 levels left

rFire    . . .     SeeInvis .   a - +0 dagger
rCold    . . .     Faith    .   (shield restricted)
rNeg     . . .     Spirit   .   b - +0 animal skin
rPois    .         Reflect  .   (no helmet)
rElec    .         Harm     .   (no cloak)
rCorr    .         Rampage  .   (no gloves)
Will     +....                  (no boots)
Stlth    +++.......             (no amulet)
HPRegen  0.11/turn              o - ring of willpower
MPRegen  0.10/turn              (no ring)

@: on berserk cooldown, slowed, very slow
A: small, no large weapons, nightstalker 3
a: Renounce Religion, Berserk, Trog's Hand


You were on level 3 of the Dungeon.
You worshipped Trog.
Trog was pleased with you.
You visited 1 branch of the dungeon, and saw 3 of its levels.

You collected 66 gold pieces.

Inventory:

Hand Weapons
 a - a +0 dagger (weapon)
 i - a +0 short sword
Armour
 b - a +0 animal skin (worn)
Jewellery
 o - a ring of willpower (left hand)
Scrolls
 c - a scroll of identify {unknown}
 f - 2 scrolls of teleportation {unknown}
 h - a scroll of enchant weapon {unknown}
 k - a scroll of fear {unknown}
 l - a scroll of fog {unknown}
 n - a scroll of immolation {unknown}
 p - a scroll of vulnerability {unknown}
Potions
 d - a potion of experience {unknown}
 e - 4 potions of curing {unknown}
 g - 2 potions of attraction {unknown}
 j - a potion of brilliance {unknown}
 m - a potion of heal wounds {unknown}


   Skills:
 + Level 3.7 Fighting
 + Level 4.5 Short Blades
 + Level 2.2 Armour
 + Level 3.4 Dodging
 + Level 2.5 Stealth
 + Level 1.7 Invocations


You had 4 spell levels left.
You didn't know any spells.
Your spell library was empty.

Dungeon Overview and Level Annotations

Branches:
Dungeon (3/15)

Altars:
Kikubaaqudgha
Xom


Innate Abilities, Weirdness & Mutations

You are small and have problems with some larger weapons.
You are completely attuned to the shadows.


Message History

You hit the goblin but do no damage. The orc hits you with a +0 dagger.
The orc misses you. The goblin barely misses you.
The orc hits you with a +0 dagger.
You are too injured to fight recklessly!
You are too injured to fight recklessly!
You are too injured to fight recklessly!
You are too injured to fight recklessly!
You hit the orc.
The orc is heavily wounded.
You hit the orc.
You kill the orc!
Trog accepts your kill.
You hit the orc but do no damage. The orc closely misses you.
You barely miss the orc. The orc hits you with a +0 falchion.
* * * LOW HITPOINT WARNING * * *
The orc hits you with a +0 falchion.
* * * LOW HITPOINT WARNING * * *
You hit the orc.
The orc is heavily wounded.
The orc misses you.
You hit the orc.
The orc is heavily wounded.
The orc misses you.
You hit the orc.
You kill the orc!
Trog accepts your kill.
The goblin unwields a +0 club.
The goblin wields a +0 hunting sling.
The goblin shoots a stone.
The stone hits you.
* * * LOW HITPOINT WARNING * * *
The goblin unwields a +0 hunting sling.
The goblin wields a +0 club.
The goblin barely misses you.
Things that are here:
a +0 falchion; a +0 dagger; a +0 dagger You closely miss the goblin.
A rat comes into view.
The goblin hits you with a +0 club.
* * * LOW HITPOINT WARNING * * *
You closely miss the goblin. The goblin misses you.
You barely miss the goblin. The goblin hits you with a +0 club.
You die...

##############.##................
#..............(.................
#########.....##.................
##....................#.... ##
#............)............. .#
####################.....<....
.#.#...# #.## ...... #.#........
.#.#.8.+##..## #g.... #.#)>......
.#.#...#..##'###@)... #..........
.#.#...#)#..#...##... #.#......>.
.#.'.8.†###.#...# r. #.#........
.#.#...#).##+...# . #.#........
.#.#.(.#...##..... #..........
.#.#.8.+#...#..... #..........
.#.#...# #.. #..........
##.####################..........
##.#...).........................


You could see a goblin and a rat (wandering).

Vanquished Creatures
  Jessica (D:3)
  3 adders
  3 dart slugs
  6 orcs (D:3)
  4 endoplasms
  A giant cockroach (D:3)
  4 goblins
  5 hobgoblins
  2 jackals (D:1)
  4 quokkas
  3 ball pythons
  3 bats
  A frilled lizard (D:3)
  4 kobolds
  3 rats
47 creatures vanquished.

Notes
Turn   | Place    | Note
-------+----------+-------------------------------------------
     0 | D:1      | bilbop the Kobold Berserker began the quest for the Orb.
     0 | D:1      | Reached XP level 1. HP: 14/14 MP: 1/1
   238 | D:1      | Reached XP level 2. HP: 9/19 MP: 2/2
   652 | D:1      | Reached skill level 1 in Stealth
   721 | D:1      | Reached skill level 1 in Invocations
   721 | D:1      | Reached XP level 3. HP: 17/23 MP: 3/3
  1911 | D:3      | Found a shimmering altar of Xom.
  1927 | D:3      | Reached ** piety under Trog
  1928 | D:3      | Reached XP level 4. HP: 28/28 MP: 4/4
  2132 | D:3      | Found an ancient bone altar of Kikubaaqudgha.
  2329 | D:3      | Noticed Jessica
  2343 | D:3      | Killed Jessica
  2553 | D:3      | Reached XP level 5. HP: 33/33 MP: 6/6
  2675 | D:3      | HP: 1/33 [goblin (1)]
  2677 | D:3      | Slain by a goblin

Illustrated notes

Levels and vault maps discovered:
D:1:      moated_graveyard_arrival, layout_basic, chequers_serial_rivers_room_b
D:2:      layout_rooms, mrwooster_statue_mirror
D:3:      minmay_chambers_of_threes, layout_rooms, mainiacjoe_overflow_chevrons,
          xom_teletrap_fun, uniq_jessica

Skill      XL: |  1  2  3  4 |
---------------+-------------+-----
Stealth        | 1 2 |  2.5
Invocations    | 1 |  1.7
Dodging        | 3 |  3.4
Armour         | 2 |  2.2
Fighting       | |  3.7
Short Blades   | |  4.5

Action                   |  1- 3 |  4- 6 || total
-------------------------+-------+-------++-------
Melee: Short sword       |    55 |       ||    55
       Dagger            |    11 |    80 ||    91
Invok: Berserk           |     3 |     3 ||     6
 Stab: Sleeping          |    10 |     1 ||    11
Armor: Animal skin       |     7 |     6 ||    13
Dodge: Dodged            |    36 |    48 ||    84

Table legend: (Time is in decaauts)
 A = Elapsed time spent in this place.
 B = Non-inter-level travel time spent in this place.
 C = Inter-level travel time spent in this place.
 D = Time resting spent in this place.
 E = Time spent auto-exploring this place.
 F = Levels seen in this place.
 G = Mean time per level.
                   A        B        C        D        E       F      G
               +--------+--------+--------+--------+--------+-----+--------+
         Total |   2701 |   2663 |     38 |    531 |   1877 |   3 |  900.3 |
       Dungeon |   2701 |   2663 |     38 |    531 |   1877 |   3 |  900.3 |
               +--------+--------+--------+--------+--------+-----+--------+

Top non-repeatable levels by time:
     D:1: 1434 daAuts
     D:3: 769 daAuts
     D:2: 498 daAuts
